 Dungeon Crawl Stone Soup version 0.18.1-8-gdd0e5ea (webtiles) character file.

108036 mistymad the Blocker (level 16, -30/105 HPs)
             Began as a Gargoyle Fighter on May 24, 2016.
             Was the Champion of Okawaru.
             Annihilated by a golden dragon simulacrum (35 damage)
             ... in an ice cave.
             The game lasted 01:42:21 (24942 turns).

mistymad the Blocker (Gargoyle Fighter)            Turns: 24942, Time: 01:42:22

Health: -30/105    AC: 45    Str: 21    XL:     16   Next: 48%
Magic:  23/23      EV:  9    Int:  8    God:    Okawaru [******]
Gold:   1706       SH: 14    Dex: 17    Spells: 0 memorised, 15 levels left

rFire  + + .     SeeInvis .     Y - +4 flail "Archuk" {drain, rF+}
rCold  . . .     Gourm    .     C - +1 crystal plate armour of the Forsaken Wars {rN+}
rNeg   + + .     Faith    .     c - +0 shield
rPois  ∞         Spirit   .     (helmet restricted)
rElec  +         Dismiss  .     L - +1 cloak "Sefio" {rF+ Int-4 Dex+4}
rCorr  +         Reflect  .     u - +1 pair of gloves {archery}
SustAt +         Harm     .     z - +0 pair of boots
MR     ++...                    b - amulet of regeneration
Stlth  ..........               n - ring of sustain attributes
                                P - ring of resist corrosion

@: very slightly contaminated, very resistant to hostile enchantments, extremely
unstealthy
A: big wings, horns 1, rough black scales 1, agile 1, blink, magic resistance 1,
negative energy resistance 1, sense surroundings 1, electricity resistance, slow
regeneration 1, unbreathing, petrification resistance, rot immunity, MP-powered
wands, AC +11
a: Fly, Blink, Heroism, Finesse, Renounce Religion


You were in an ice cave.
You worshipped Okawaru.
Okawaru was exalted by your worship.
You were not hungry.

You visited 4 branches of the dungeon, and saw 22 of its levels.
You also visited: Bailey and Ice Cave.

You collected 1946 gold pieces.
You spent 240 gold pieces at shops.

Inventory:

Hand Weapons
 Y - the +4 flail "Archuk" (weapon) {drain, rF+}
   (Okawaru gifted it to you on level 7 of the Lair of Beasts)

   A truly terrible weapon, it drains the life of those it strikes.
   It protects you from fire.
Armour
 c - a +0 shield (worn)
 u - a +1 pair of gloves of archery (worn)
 z - a +0 pair of boots (worn)
 C - the +1 crystal plate armour of the Forsaken Wars (worn) {rN+}
   (Okawaru gifted it to you on level 2 of the Lair of Beasts)

   It protects you from negative energy.
 L - the +1 cloak "Sefio" (worn) {rF+ Int-4 Dex+4}
   (Okawaru gifted it to you on level 4 of the Lair of Beasts)

   It affects your intelligence (-4).
   It affects your dexterity (+4).
   It protects you from fire.
 Q - a +2 plate armour of magic resistance
 X - a +1 fire dragon armour
Jewellery
 b - an amulet of regeneration (around neck)
 e - an uncursed ring of protection from fire
 m - an uncursed amulet of the gourmand
 n - a ring of sustain attributes (right hand)
 q - a +5 amulet of reflection
 P - a ring of resist corrosion (left hand)
Wands
 B - a wand of digging (15/24)
 O - a wand of enslavement (16/24)
Scrolls
 j - a scroll of torment {unknown}
 k - 14 scrolls of teleportation
 p - 5 scrolls of remove curse
 t - 7 scrolls of enchant armour
 x - 2 scrolls of fear
 G - a scroll of brand weapon {unknown}
 H - a scroll of identify
 J - a scroll of amnesia {unknown}
 M - a scroll of blinking
 T - 7 scrolls of recharging {unknown}
 V - a scroll of summoning {unknown}
Potions
 a - 6 potions of resistance
 d - 2 potions of might
 h - 7 potions of heal wounds
 i - 4 potions of haste
 l - 5 potions of brilliance
 s - a potion of cure mutation {unknown}
 v - 2 potions of agility
 A - 2 potions of invisibility
 E - 3 potions of curing
 I - a potion of magic {unknown}
 N - 2 potions of cancellation
 R - a potion of berserk rage {unknown}
 S - a potion of flight {unknown}
 Z - a potion of beneficial mutation {unknown}
Books
 o - a book of Battle

   Spells                             Type                      Level
   a - Infusion                       Charms                       1
   b - Shroud of Golubria             Charms/Translocation         2
   c - Song of Slaying                Charms                       2
   d - Spectral Weapon                Hexes/Charms                 3
   e - Regeneration                   Charms/Necromancy            3
Miscellaneous
 y - a fan of gales
 W - a phial of floods
Comestibles
 f - 16 bread rations
 g - 6 beef jerkies
 r - 11 slices of pizza
 w - 3 royal jellies
 D - 6 meat rations
 K - 15 fruits


   Skills:
 + Level 13.7 Fighting
 + Level 12.7 Maces & Flails
 + Level 13.6 Armour
 + Level 10.5 Dodging
 + Level 13.9 Shields
 - Level 10.0 Invocations


You had 15 spell levels left.
You didn't know any spells.

Dungeon Overview and Level Annotations

Branches:
Dungeon (12/15)            Temple (1/1) D:4            Lair (8/8) D:8
  Swamp (1/4) Lair:3        Snake (0/4) Lair:5        Slime (0/6) Lair:8
    Orc (0/2) D:12

Altars:
Ashenzari
Cheibriados
Dithmenos
Elyvilon
Fedhas
Gozag
Kikubaaqudgha
Makhleb
Nemelex Xobeh
Okawaru
Pakellas
Qazlal
Ru
Sif Muna
Trog
Vehumet
Xom
Yredelemnul
Zin
The Shining One
Jiyva

Shops:
D:10 ?   D:11 (

Portals:
Hell: Lair:8
Trove: D:11 (give +6 demon blade)

Annotations:
Swamp:1 exclusion: Roxanne, Roxanne


Innate Abilities, Weirdness & Mutations

You are resistant to torment.
Your stone body is resilient (AC +11).
You are immune to poison.
Your large and strong wings let you fly indefinitely.
You resist negative energy.
You are resistant to electric shocks.
You can survive without breathing.
You are immune to petrification.
You are immune to rotting.
You have a pair of small horns on your head.
You are partially covered in rough black scales (AC +4, Dex -1).
You are agile. (Dex +2)
You can translocate small distances at will.
You are resistant to hostile enchantments.
You passively map a small area around you.
You regenerate slowly when monsters are visible.
You expend magic power (3 MP) to strengthen your wands.


Message History

The golden dragon simulacrum freezes you!!!
* * * LOW HITPOINT WARNING * * *
You blink.
You are near starving!
You don't have enough health at the moment.
Drink which item? (? for menu, Esc to quit)
You feel better.
A four-headed hydra simulacrum comes into view.
Read which item? (? for menu, Esc to quit)
Blink to where?
Press: ? - help, Dir - move target cursor You are very lightly contaminated with residual magic.
As you read the scroll of blinking, it crumbles to dust.
Eat which item? (? for menu, Esc to quit)
You continue eating. x2
You block the golden dragon simulacrum's attack.
The golden dragon simulacrum claws you.
* * * LOW HITPOINT WARNING * * *
The golden dragon simulacrum freezes you!!
You die...

** ** ## ###..## ,
* ≈ Z## ##...## ≈
,Z5.# ###.#.## , *
≈###5Z####....##
≈###Z..###.###...#
* #...##
#.###...## *
≈##...####.#...##
≈ ###.Z.##...###
###.ZZ@### ,
###### ≈ * * ≈* *
≈ * * * * ≈ * *


You could see a seven-headed hydra simulacrum, a four-headed hydra simulacrum
and a golden dragon simulacrum.

Vanquished Creatures
  2 orc warlords
  2 dire elephants (Lair:8)
  Fannar (D:12)
  Harold (Lair:3)
  12 hydras
  The ghost of mistymad the Fighter, a journeyman GrFi of Okawaru (IceCv)
  5 alligators (Swamp:1)
  15 death yaks
  A sun demon (Lair:8)
  2 spriggans (Swamp:1)
  The ghost of Scarto the Skirmisher, a novice DsFi of Qazlal (Bailey)
  A swamp dragon (Lair:6)
  A shambling mangrove (Swamp:1)
  2 hill giants (D:11)
  Pikel (D:7)
  2 wizards
  2 oklob plants (Lair:1)
  2 lindwurms
  6 ugly things
  2 deep elf magi
  4 orc knights
  2 cyclopes
  2 manticores
  3 griffons
  A sixfirhy (Lair:8)
  46 elephants
  10 black mambas
  Psyche (D:11)
  2 orange demons (Lair:8)
  15 spiny frogs
  4 rime drakes
  A gargoyle (D:12)
  9 komodo dragons
  9 ice devils
  An anaconda simulacrum (IceCv)
  A golden dragon simulacrum (IceCv)
  4 red devils (Lair:8)
  A hellwing (Lair:8)
  A troll (D:10)
  A polar bear (Lair:8)
  2 giant leeches
  10 blink frogs
  Prince Ribbit (D:7)
  2 bog bodies (Swamp:1)
  A human (D:7)
  51 yaks
  A wraith (D:12)
  5 wyverns
  11 vampire mosquitoes (Swamp:1)
  6 hippogriffs
  A steam dragon (Lair:5)
  4 hungry ghosts
  Menkaure (D:7)
  A death yak simulacrum (IceCv)
  A mottled dragon (D:12)
  3 insubstantial wisps (Swamp:1)
  18 wargs (D:8)
  4 swamp worms (Swamp:1)
  3 nagas (Lair:5)
  15 water moccasins
  4 ice beasts
  19 orc warriors
  3 swamp drakes
  15 porcupines
  2 black bears
  A necrophage (D:10)
  3 phantoms
  6 sky beasts
  5 wasps
  5 ogres
  An eye of draining (D:10)
  9 centaurs
  6 wolves
  16 crocodiles
  2 big kobolds
  18 giant frogs
  A gnoll sergeant (D:12)
  A scorpion (D:10)
  8 killer bees
  4 wights (D:10)
  2 howler monkeys
  8 crimson imps
  2 wasp zombies
  5 centaur zombies
  A quasit (D:7)
  5 hounds
  3 giant frog zombies
  2 jellies
  4 centaur skeletons
  6 orc priests
  A gnoll shaman (D:4)
  12 orc wizards
  5 giant frog skeletons
  Natasha (thrice) (D:3)
  Terence (D:3)
  8 iguanas
  2 polar bear simulacra (IceCv)
  6 worker ants
  A spriggan simulacrum (IceCv)
  3 troll simulacra (IceCv)
  46 sheep
  2 centaur simulacra (IceCv)
  2 hound zombies
  2 hound skeletons
  A howler monkey zombie (D:10)
  Robin (D:3)
  7 adders
  21 gnolls
  87 river rats
  An ogre simulacrum (IceCv)
  2 naga simulacra (IceCv)
  2 shadow imps
  8 white imps (IceCv)
  3 ufetubi (IceCv)
  3 adder skeletons
  A worm (D:3)
  A dart slug (D:1)
  4 giant geckos
  59 orcs
  3 bats
  11 giant cockroaches
  40 goblins
  20 hobgoblins
  11 jackals
  19 kobolds
  5 quokkas
  A ball python (D:2)
  A giant gecko zombie (D:5)
  7 giant newts
  A jackal skeleton (D:6)
  A quokka skeleton (D:7)
  7 rats
  A fungus (Lair:8)
  3 plants
914 creatures vanquished.

Vanquished Creatures (others)
  A spiny frog (Swamp:1)
  2 wasps (Swamp:1)
  A giant frog skeleton (D:11)
  A shadow imp (D:11)
  An orc (D:8)
  A kobold (D:11)
  A quokka skeleton (D:7)
  26 fungi
  7 plants
41 creatures vanquished.

Grand Total: 955 creatures vanquished

Notes
Turn   | Place    | Note
--------------------------------------------------------------
     0 | D:1      | mistymad the Gargoyle Fighter began the quest for the Orb.
     0 | D:1      | Reached XP level 1. HP: 14/14 MP: 1/1
   220 | D:1      | Reached XP level 2. HP: 19/19 MP: 2/2
   567 | D:1      | Reached XP level 3. HP: 23/24 MP: 3/3
   847 | D:2      | Found a deep blue altar of Sif Muna.
   905 | D:2      | Found a basalt altar of Yredelemnul.
   947 | D:2      | Found an opulent altar of Gozag.
  1338 | D:3      | Reached skill level 1 in Dodging
  1376 | D:3      | Noticed a hungry ghost
  1415 | D:3      | Killed a hungry ghost
  1415 | D:3      | Reached XP level 4. HP: 27/29 MP: 4/4
  1415 | D:3      | Reached XP level 5. HP: 31/33 MP: 5/5
  1438 | D:3      | Noticed Natasha
  1446 | D:3      | Killed Natasha
  1456 | D:3      | Found a burning altar of Makhleb.
  1471 | D:3      | Noticed Natasha
  1491 | D:3      | Killed Natasha
  1601 | D:3      | Noticed Terence
  1616 | D:3      | Killed Terence
  1616 | D:3      | Reached XP level 6. HP: 39/39 MP: 6/6
  1925 | D:3      | Noticed Robin
  1955 | D:3      | Killed Robin
  2035 | D:3      | Found a sparkling altar of Nemelex Xobeh.
  2104 | D:3      | Noticed Natasha
  2111 | D:3      | Killed Natasha
  2431 | D:4      | Noticed a phantom
  2461 | D:4      | Killed a phantom
  2461 | D:4      | Reached skill level 5 in Fighting
  2461 | D:4      | Reached XP level 7. HP: 37/44 MP: 7/7
  2518 | D:4      | Reached skill level 5 in Shields
  2544 | D:4      | Found a staircase to the Ecumenical Temple.
  2711 | Temple   | Entered the Ecumenical Temple
  2734 | Temple   | Became a worshipper of Warmaster Okawaru
  3020 | D:4      | Found an ancient bone altar of Kikubaaqudgha.
  3155 | D:4      | Found a sacrificial altar of Ru.
  3616 | D:5      | Entered Level 5 of the Dungeon
  3704 | D:5      | Reached skill level 5 in Armour
  3704 | D:5      | Reached skill level 1 in Invocations
  4104 | D:5      | Found a bloodstained altar of Trog.
  4320 | D:5      | Reached XP level 8. HP: 50/50 MP: 9/9
  4645 | D:6      | Reached * piety under Okawaru
  5240 | D:6      | Gained mutation: You are agile. (Dex +2) [mutagenic meat]
  5241 | D:6      | Gained mutation: You have a pair of small horns on your head. [mutagenic meat]
  5243 | D:6      | Gained mutation: You are resistant to hostile enchantments. [mutagenic meat]
  5244 | D:6      | Gained mutation: You evolve. [mutagenic meat]
  5413 | D:7      | You fall through a shaft for 2 floors!
  5413 | D:9      | Noticed a wyvern
  5421 | D:9      | Killed a wyvern
  5505 | D:8      | Found a staircase to the Lair.
  5505 | D:8      | Noticed an elephant
  5523 | D:8      | Reached skill level 5 in Maces & Flails
  5535 | D:8      | Killed an elephant
  5535 | D:8      | Reached ** piety under Okawaru
  5535 | D:8      | Reached XP level 9. HP: 34/56 MP: 9/11
  5914 | D:7      | Noticed Prince Ribbit
  5925 | D:7      | Killed Prince Ribbit
  6066 | D:7      | Noticed Menkaure
  6168 | D:6      | Reached *** piety under Okawaru
  6268 | D:7      | Killed Menkaure
  6325 | D:7      | Gained mutation: You are partially covered in rough black scales (AC +4, Dex -1). [evolution]
  6529 | D:7      | Reached skill level 5 in Invocations
  6623 | D:7      | Reached XP level 10. HP: 61/63 MP: 13/13
  6660 | D:7      | Noticed Pikel
  6684 | D:7      | Killed Pikel
  6684 | D:7      | Reached **** piety under Okawaru
  6969 | D:8      | Reached skill level 5 in Dodging
  7300 | D:7      | Received a gift from Okawaru
  7499 | D:8      | Gained mutation: You regenerate slowly when monsters are visible. [evolution]
  7779 | D:8      | Noticed an orc knight
  8015 | D:8      | Killed an orc knight
  8221 | D:8      | Reached ***** piety under Okawaru
  8651 | D:8      | Gained mutation: You passively map a small area around you. [evolution]
  8651 | D:8      | Lost mutation: You evolve. [end of evolution]
  8659 | D:8      | Reached XP level 11. HP: 44/69 MP: 15/15
  9186 | D:8      | Noticed an orc knight
  9231 | D:8      | Killed an orc knight
  9299 | D:8      | Received a gift from Okawaru
  9576 | D:8      | Noticed an orc warlord
  9651 | D:8      | Killed an orc warlord
 10084 | Lair:1   | Entered Level 1 of the Lair of Beasts
 10091 | Lair:1   | Noticed an eight-headed hydra
 10105 | Lair:1   | Killed an eight-headed hydra
 10489 | Lair:1   | Noticed an oklob plant
 11068 | Lair:2   | Reached XP level 12. HP: 76/76 MP: 17/17
 11303 | Lair:2   | Received a gift from Okawaru
 11380 | Lair:2   | Got an ancient crystal plate armour {god gift}
 11499 | Lair:2   | Identified the +1 crystal plate armour of the Forsaken Wars {rN+} (Okawaru gifted it to you on level 2 of the Lair of Beasts)
 11883 | Lair:2   | Reached skill level 10 in Shields
 11931 | Lair:2   | Noticed a six-headed hydra
 11976 | Lair:2   | Killed a six-headed hydra
 11976 | Lair:2   | Reached skill level 10 in Fighting
 11995 | Lair:2   | Reached skill level 10 in Armour
 12089 | Lair:2   | Received a gift from Okawaru
 12098 | Lair:2   | Reached XP level 13. HP: 19/83 MP: 19/19
 12224 | Lair:2   | Got an ancient great mace {god gift}
 12244 | Lair:2   | Identified the +2 great mace of Nielut {venom, Str+4} (Okawaru gifted it to you on level 2 of the Lair of Beasts)
 12469 | Lair:3   | Noticed Harold
 12659 | Lair:3   | Killed Harold
 12819 | Lair:3   | Found a staircase to the Swamp.
 13620 | Lair:4   | Reached ****** piety under Okawaru
 13627 | Lair:4   | Received a gift from Okawaru
 13630 | Lair:4   | Got a bloodstained cloak {god gift}
 13637 | Lair:4   | Identified the +1 cloak "Sefio" {rF+ Int-4 Dex+4} (Okawaru gifted it to you on level 4 of the Lair of Beasts)
 14894 | Lair:5   | Reached skill level 10 in Maces & Flails
 15214 | Lair:5   | Found a staircase to the Snake Pit.
 15910 | Lair:6   | Gained mutation: Your large and strong wings let you fly indefinitely. [Gargoyle growth]
 15910 | Lair:6   | Reached XP level 14. HP: 56/90 MP: 18/21
 16284 | Lair:6   | Received a gift from Okawaru
 16445 | Lair:6   | Reached skill level 10 in Invocations
 17522 | Lair:7   | Received a gift from Okawaru
 17553 | Lair:7   | Got a smoking flail {god gift}
 17554 | Lair:7   | Identified the +4 flail "Archuk" {drain, rF+} (Okawaru gifted it to you on level 7 of the Lair of Beasts)
 17982 | Lair:8   | Entered Level 8 of the Lair of Beasts
 17982 | Lair:8   | Found a viscous altar of Jiyva.
 17982 | Lair:8   | Found a staircase to the Slime Pits.
 18083 | Lair:7   | Received a gift from Okawaru
 18618 | Lair:8   | Noticed a dire elephant
 18645 | Lair:8   | Killed a dire elephant
 18817 | Lair:8   | Reached XP level 15. HP: 84/97 MP: 22/22
 18931 | Lair:8   | Received a gift from Okawaru
 18934 | Lair:8   | Got a scorched mace {god gift}
 18935 | Lair:8   | Identified the +4 mace of the Pit {crush, Str+2 SInv} (Okawaru gifted it to you on level 8 of the Lair of Beasts)
 19711 | Lair:8   | Received a gift from Okawaru
 19905 | Lair:8   | Found a burning altar of Makhleb.
 20101 | Lair:8   | Found a gateway to Hell.
 20815 | D:10     | Entered Level 10 of the Dungeon
 21080 | D:10     | Gained mutation: You can translocate small distances at will. [mutagenic meat]
 21187 | D:10     | Found Eplarheb's Magic Scroll Shop.
 21192 | D:10     | Bought a scroll of blinking for 90 gold pieces
 21192 | D:10     | Bought a scroll of teleportation for 36 gold pieces
 21192 | D:10     | Bought a scroll of enchant weapon for 90 gold pieces
 21192 | D:10     | Bought a scroll of identify for 24 gold pieces
 21527 | D:11     | Reached skill level 10 in Dodging
 21600 | D:11     | Found a portal to a secret trove of treasure.
 21761 | D:11     | Found Uwnog's Antique Weapon Shop.
 21843 | D:11     | Noticed Psyche
 21859 | D:11     | Killed Psyche
 22386 | D:12     | Found a staircase to the Orcish Mines.
 22506 | D:12     | Found a flagged portal.
 22558 | Bailey   | Entered a bailey
 22566 | Bailey   | Noticed Scarto's ghost (novice DsFi)
 22616 | Bailey   | Killed Scarto's ghost
 22886 | Bailey   | Noticed an orc warlord
 22949 | Bailey   | Received a gift from Okawaru
 22957 | Bailey   | Reached XP level 16. HP: 104/104 MP: 23/23
 23183 | D:12     | Gained mutation: You expend magic power (3 MP) to strengthen your wands. [mutagenic meat]
 23350 | D:12     | Noticed Fannar
 23363 | D:12     | Killed Fannar
 23938 | Swamp:1  | Entered Level 1 of the Swamp
 23938 | Swamp:1  | Noticed Roxanne
 24200 | Swamp:1  | Found a blossoming altar of Fedhas.
 24549 | Swamp:1  | Found a frozen archway.
 24570 | IceCv    | Entered an ice cave
 24570 | IceCv    | Noticed mistymad's ghost (journeyman GrFi)
 24622 | IceCv    | Killed mistymad's ghost
 24942 | IceCv    | HP: 5/105 [golden dragon simulacrum (6)]
 24942 | IceCv    | Annihilated by a golden dragon simulacrum

Skill      XL: |  1  2  3  4  5  6  7  8  9 10 11 12 13 14 15 |
---------------+----------------------------------------------+-----
Dodging        | 1 2 3 4 5 6 7 8 9 10 | 10.5
Fighting       | 4 5 6 7 8 9 10 11 12 13 | 13.7
Armour         | 4 5 6 7 9 10 11 12 13 | 13.6
Shields        | 4 5 6 7 8 9 10 11 12 13 | 13.9
Maces & Flails | 3 4 5 6 7 8 9 10 11 12 | 12.7
Invocations    | 1 3 5 6 7 8 9 10 | 10.0

Action                   |  1- 3 |  4- 6 |  7- 9 | 10-12 | 13-15 | 16-18 || total
-------------------------+-------+-------+-------+-------+-------+-------++-------
Melee: Flail             |    95 |       |   379 |  1151 |  2551 |   609 ||  4785
       Mace              |    65 |   150 |    44 |       |    59 |       ||   318
       Headbutt          |       |       |    20 |   313 |   774 |   177 ||  1284
Invok: Heroism           |       |       |     3 |     7 |     5 |     2 ||    17
       Finesse           |       |       |       |     2 |       |     2 ||     4
 Abil: Fly               |       |       |       |       |     2 |     2 ||     4
       Stop Flying       |       |       |       |       |     2 |     1 ||     3
       Blink             |       |       |       |       |       |     1 ||     1
  Use: Scroll            |       |       |    10 |     1 |    13 |     4 ||    28
       Potion            |       |       |       |       |       |     2 ||     2
  Eat: Chunk             |     4 |     1 |    19 |    17 |    44 |    13 ||    98
       Bread ration      |     1 |       |       |     1 |       |     1 ||     3
       Meat ration       |       |     1 |       |       |       |       ||     1
       Pizza             |       |       |     1 |       |       |       ||     1
Armor: Scale mail        |    89 |    97 |   175 |    69 |       |       ||   430
       Plate armour      |       |       |       |    90 |       |       ||    90
       Crystal plate arm |       |       |       |   689 |  1722 |   388 ||  2799
Dodge: Dodged            |    56 |    58 |   148 |   284 |   681 |   173 ||  1400
Block: Shield            |    99 |   100 |   374 |   960 |  1820 |   454 ||  3807
       Reflection        |       |       |     2 |    11 |       |       ||    13
